Map: Rhoskallian LE

Players

qqq - Winner!

  • Race: Zerg Zerg
  • League: Platinum
  • Spawn Location: 11:00

Massa - Winner!

  • Race: Terran Terran
  • League: Platinum
  • Spawn Location: 12:00

StarCry

  • Race: Zerg Zerg
  • League: Diamond
  • Spawn Location: 5:00

BOOM

  • Race: Protoss Protoss
  • Spawn Location: 6:00

VOD

Have the link to the VOD?

Description

Time

  • Played on: Nov. 20, 2020, 2:55 p.m.
  • Length: 18:50
Show
View Real Time Build Order
Export as new Build Order

qqq Zerg - Winner!

Build Orders: Hatch First 

Get SALT Encoding   

  12  0:00  Drone  
  13  0:09  Drone  
  14  0:21  Overlord  
  14  0:50  Hatchery  
  14  0:54  Drone  
  14  0:55  Drone  
  15  0:58  Drone  
  16  1:08  Drone  
  17  1:28  Drone x2  
  17  1:31  Spawning Pool  
  18  1:40  Drone  
  18  1:44  Extractor  
  18  1:54  Drone  
  19  2:09  Drone  
  20  2:19  Spine Crawler  
  20  2:20  Drone x2  
  20  2:21  Queen  
  23  2:23  Queen  
  23  2:29  Zergling x2, Overlord  
  26  2:32  Drone  
  28  2:45  Extractor  
  28  2:47  Zergling x2  
  28  2:48  Drone x2  
  31  2:51  Zergling x2  
  31  2:52  Metabolic Boost  
  31  2:54  Zergling x2  
  32  3:06  Zergling x2  
  32  3:08  Overlord  
  33  3:16  Zergling x2  
  33  3:19  Drone  
  35  3:21  Zergling x2  
  35  3:25  Hatchery  
  35  3:29  Baneling Nest  
  35  3:30  Zergling x2  
  35  3:37  Drone, Zergling x2  
  35  3:38  Zergling x2  
  38  3:42  Zergling x2  
  38  3:43  Zergling x2  
  38  3:45  Zergling x2  
  41  3:49  Zergling x2  
  42  3:59  Zergling x4  
  42  4:02  Overlord  
  44  4:14  Spore Crawler  
  44  4:16  Spore Crawler  
  41  4:18  Queen  
  41  4:20  Drone x2  
  41  4:24  Zergling x2  
  46  4:26  Drone  
  46  4:29  Drone  
  47  4:40  Zergling x8  
  37  4:55  Zergling x6  
  37  4:56  Drone x3  
  42  5:11  Spore Crawler  
  42  5:13  Extractor  
  40  5:21  Drone  
  40  5:22  Drone x2  
  40  5:23  Drone  
  40  5:24  Drone x4  
  49  5:28  Drone  
  49  5:29  Drone  
  49  5:30  Lair  
  49  5:32  Drone  
  51  5:36  Drone  
  51  5:39  Spore Crawler  
  51  5:41  Baneling x2  
  51  5:42  Baneling  
  51  5:43  Baneling  
  48  5:54  Zergling x4  
  48  5:56  Overlord x3  
  50  6:00  Extractor  
  50  6:03  Extractor  
  48  6:05  Extractor  
  48  6:07  Drone  
  48  6:08  Drone x2  
  50  6:11  Overlord x2  
  50  6:14  Drone  
  50  6:15  Drone  
  50  6:16  Zergling x2  
  50  6:17  Drone  
  54  6:21  Drone  
  55  6:27  Drone x3  
  58  6:39  Drone x2  
  62  6:40  Drone x4  
  64  6:49  Spire  
  64  6:52  Drone x4, Infestation Pit  
  64  6:53  Drone  
  66  7:03  Drone  
  67  7:09  Drone  
  67  7:10  Drone  
  67  7:11  Zergling x2, Overlord  
  67  7:12  Drone  
  71  7:18  Spore Crawler  
  70  7:26  Spore Crawler  
  69  7:31  Hatchery, Drone, Spore Crawler  
  69  7:32  Overlord x2  
  69  7:34  Zergling x8  
  72  7:38  Baneling x3  
  72  7:39  Baneling x7  
  72  7:40  Baneling  
  72  7:53  Extractor, Drone x2  
  72  7:54  Drone x2  
  75  7:59  Overlord x2  
  75  8:03  Drone x3  
  78  8:08  Mutalisk x3, Hive  
  78  8:09  Mutalisk  
  78  8:11  Mutalisk  
  88  8:16  Zerg Flyer Weapons Level 1  
  88  8:21  Mutalisk  
  88  8:22  Mutalisk  
  88  8:25  Drone  
  88  8:26  Drone x3  
  96  8:34  Drone  
  89  8:50  Mutalisk x4  
  89  8:53  Drone x3  
  89  8:54  Mutalisk  
  100  8:56  Drone  
  100  8:58  Overlord x4  
  100  8:59  Overlord  
  100  9:11  Mutalisk x3  
  106  9:20  Drone x4  
  102  9:33  Mutalisk x3  
  102  9:35  Drone x3  
  99  9:52  Viper  
  99  9:54  Viper  
  99  9:55  Drone  
  99  9:56  Drone x3  
  109  10:04  Spore Crawler  
  109  10:05  Extractor, Drone, Spore Crawler  
  109  10:06  Extractor, Queen  
  108  10:15  Mutalisk x3  
  108  10:16  Drone  
  108  10:17  Drone x2  
  117  10:36  Spore Crawler x2  
  117  10:37  Drone x3, Spore Crawler x2  
  117  10:38  Spore Crawler x2  
  114  10:56  Hatchery  
  113  11:05  Mutalisk x7  
  113  11:06  Mutalisk x2  
  131  11:11  Pneumatized Carapace  
  131  11:12  Overseer  
  109  11:44  Mutalisk x4  
  109  11:45  Mutalisk x2  
  109  11:46  Drone  
  109  11:47  Drone x2  
  124  12:06  Drone  
  120  12:29  Mutalisk x2  
  113  12:30  Mutalisk x6  
  113  12:31  Mutalisk  
  113  12:36  Viper  
  125  12:41  Drone x3  
  125  12:42  Drone x5  
  125  12:43  Mutalisk  
  120  12:45  Drone x2  
  120  12:46  Drone  
  125  12:59  Hatchery  
  125  13:03  Spore Crawler  
  125  13:04  Spore Crawler  
  122  13:05  Spore Crawler  
  122  13:07  Spore Crawler  
  122  13:08  Viper  
  122  13:09  Viper  
  126  13:13  Drone x2  
  128  13:20  Spore Crawler  
  128  13:22  Spore Crawler  
  128  13:23  Spore Crawler  
  125  13:32  Drone x2  
  127  13:36  Mutalisk x5  
  137  13:42  Spore Crawler x2  
  137  13:43  Spore Crawler  
  137  13:45  Spore Crawler  
  130  13:57  Mutalisk x3  
  130  13:58  Mutalisk  
  130  13:59  Drone x2  
  130  14:00  Drone x3  
  143  14:03  Extractor, Spore Crawler  
  143  14:09  Mutalisk x2  
  143  14:11  Drone x2  
  143  14:12  Spore Crawler  
  143  14:13  Spore Crawler x2  
  143  14:14  Spore Crawler  
  143  14:16  Spore Crawler x2  
  141  14:34  Spore Crawler  
  141  14:36  Spore Crawler  
  141  14:38  Spore Crawler  
  138  14:42  Drone x4, Extractor  
  141  14:49  Mutalisk x3  
  141  14:50  Mutalisk x4  
  141  14:52  Drone x2  
  157  14:57  Zerg Flyer Armor Level 1  
  157  15:01  Drone x2  
  147  15:20  Mutalisk x5  
  133  15:39  Viper  
  133  15:40  Viper  
  135  16:05  Mutalisk x4  
  135  16:07  Drone x5  
  140  16:15  Drone  
  141  16:24  Viper  
  144  16:30  Hatchery  
  144  16:31  Drone x3  
  144  16:32  Mutalisk x3  
  146  17:02  Viper x3  
  146  17:04  Zergling x2  
  146  17:05  Zergling x22  
  146  17:06  Drone x3, Zergling x4  
  146  17:07  Drone x2  
  174  17:41  Overlord x9  
  174  17:51  Extractor  
  173  17:53  Extractor  
  162  18:18  Hatchery, Mutalisk  
  162  18:19  Mutalisk x8  
  179  18:29  Spine Crawler  
Show
View Real Time Build Order
Export as new Build Order

Massa Terran - Winner!

Build Orders: Command Center First (CC) 

Get SALT Encoding   

  12  0:00  SCV  
  13  0:12  SCV  
  14  0:23  Supply Depot  
  14  0:24  SCV  
  15  0:58  Command Center  
  15  0:59  SCV  
  16  1:11  SCV  
  16  1:15  Barracks  
  17  1:23  SCV  
  17  1:25  Refinery  
  18  1:36  SCV  
  19  1:48  SCV  
  19  1:49  Refinery  
  20  2:01  Marine  
  20  2:05  Orbital Command  
  21  2:09  Orbital Command  
  21  2:39  SCV  
  21  2:40  Command Center  
  21  2:42  SCV  
  23  2:51  SCV  
  23  2:53  Barracks Reactor  
  23  2:54  SCV  
  25  3:03  SCV  
  26  3:06  SCV  
  27  3:13  Factory  
  27  3:16  Barracks  
  27  3:23  Barracks  
  27  3:29  SCV x2  
  27  3:30  Supply Depot  
  29  3:41  SCV x2  
  31  3:42  Engineering Bay  
  31  3:49  Marine  
  31  3:50  Marine  
  31  3:53  SCV x2  
  35  3:59  Factory Tech Lab  
  36  4:02  SCV  
  36  4:05  Barracks Tech Lab, SCV x2  
  36  4:07  Marine x2  
  40  4:10  Starport  
  40  4:14  Barracks Reactor  
  40  4:15  SCV  
  41  4:17  Missile Turret  
  41  4:21  Terran Infantry Weapons Level 1, Missile Turret  
  37  4:41  SCV x3  
  40  4:48  Armory  
  40  4:52  Missile Turret  
  40  4:53  SCV x2  
  40  4:55  Refinery, Siege Tank  
  45  5:05  SCV x2  
  47  5:08  Marine x2  
  47  5:11  Marauder, Marine x2  
  53  5:16  Stimpack  
  53  5:17  SCV  
  53  5:21  Missile Turret  
  54  5:25  SCV, Marine, Missile Turret  
  54  5:26  Marine  
  57  5:29  SCV, Marine  
  59  5:38  SCV, Planetary Fortress  
  59  5:41  SCV  
  61  5:43  Refinery  
  61  5:53  Missile Turret  
  61  6:01  Supply Depot x2  
  61  6:02  Supply Depot  
  61  6:03  Engineering Bay, Supply Depot  
  61  6:22  SCV x3, Marine x2  
  61  6:23  Marauder, Missile Turret, Siege Tank  
  71  6:26  Supply Depot  
  71  6:29  Supply Depot  
  71  6:34  Terran Infantry Armor Level 1, Terran Infantry Weapons Level 2, SCV  
  71  6:35  SCV x2  
  74  6:40  Marine  
  74  6:41  Marine x3  
  74  6:44  Marauder  
  74  6:47  SCV x3  
  83  6:54  Barracks  
  83  6:55  Combat Shield  
  83  6:59  SCV  
  84  7:03  SCV x2  
  84  7:05  Refinery, Marauder  
  84  7:07  Refinery  
  88  7:11  SCV  
  88  7:15  SCV x2  
  91  7:22  Marine x4  
  94  7:23  SCV, Missile Turret  
  94  7:26  Marine, Thor  
  94  7:27  SCV  
  94  7:28  Starport Reactor  
  104  7:36  Missile Turret  
  104  7:39  Missile Turret  
  104  7:40  Marine x2, Missile Turret  
  104  7:43  Missile Turret  
  106  7:48  SCV x3  
  109  8:07  Supply Depot  
  109  8:12  Supply Depot  
  109  8:23  Barracks Reactor  
  109  8:24  Concussive Shells  
  109  8:28  SCV x2, Thor  
  109  8:30  Supply Depot  
  119  8:34  Marauder  
  119  8:35  Supply Depot  
  119  8:45  Marine x3  
  119  8:46  Marine, Command Center  
  123  8:50  Smart Servos  
  123  8:51  Missile Turret  
  123  8:53  Missile Turret  
  123  8:54  Terran Infantry Armor Level 2, Missile Turret  
  125  8:55  Terran Infantry Weapons Level 3, Marauder, Missile Turret, Supply Depot  
  125  8:58  Medivac  
  125  9:00  Medivac  
  125  9:01  Supply Depot  
  129  9:03  Marine x2  
  129  9:05  Supply Depot  
  129  9:08  Sensor Tower  
  131  9:17  Missile Turret  
  131  9:18  Missile Turret  
  127  9:41  Command Center  
  127  9:50  Missile Turret  
  127  9:52  Medivac x2  
  130  9:53  Missile Turret  
  126  10:01  Missile Turret  
  126  10:04  Missile Turret  
  126  10:06  Missile Turret  
  126  10:07  Terran Vehicle And Ship Armor Level 1  
  126  10:09  Missile Turret  
  126  10:14  Thor  
  126  10:15  Marine  
  126  10:16  Marauder, Marine x5  
  140  10:22  Medivac  
  142  10:29  Command Center  
  142  10:37  Marauder  
  144  11:08  SCV x3  
  145  11:20  SCV x3  
  123  11:26  Marauder, Marine  
  123  11:27  Marine x5  
  108  11:44  Marine  
  108  11:45  Marine x4  
  95  11:48  Marauder  
  95  11:52  Thor  
  95  11:54  Viking x2  
  89  11:56  Marine  
  89  12:00  Planetary Fortress  
  92  12:02  Marine x2  
  92  12:03  Marine  
  95  12:09  Marauder  
  95  12:14  Marine x3  
  100  12:20  Marine x3  
  103  12:23  Barracks, Missile Turret  
  103  12:24  Barracks x2, Viking x2  
  103  12:25  Missile Turret x2  
  103  12:26  Barracks  
  103  12:27  Missile Turret  
  103  12:28  Missile Turret  
  103  12:29  Missile Turret  
  107  12:30  Marauder, Missile Turret  
  107  12:32  Marine x3  
  107  12:34  Thor  
  107  12:35  Factory  
  118  12:38  Marine x2  
  120  12:49  Factory  
  120  12:51  Factory  
  120  12:52  Marauder  
  120  12:53  Viking  
  120  12:54  Viking  
  126  13:01  Planetary Fortress  
  126  13:10  SCV x3  
  126  13:11  SCV, Missile Turret x2  
  130  13:17  Factory  
  130  13:21  Factory  
  130  13:22  SCV x2  
  130  13:23  SCV  
  130  13:25  Terran Vehicle Weapons Level 1  
  130  13:26  Medivac x2  
  137  13:28  Terran Infantry Armor Level 3  
  137  13:30  Hi-Sec Auto Tracking  
  137  13:33  Missile Turret  
  137  13:35  Missile Turret  
  137  13:55  Missile Turret  
  137  13:57  Missile Turret  
  137  14:06  Barracks Reactor, Barracks Tech Lab  
  137  14:07  Barracks Reactor  
  137  14:08  Barracks Tech Lab  
  137  14:09  Marine x2  
  139  14:10  Marine x5  
  139  14:12  Factory Tech Lab x2  
  139  14:13  Factory Tech Lab x2  
  144  14:22  Factory Tech Lab  
  144  14:25  Armory  
  144  14:26  Marine, Thor  
  144  14:27  Neosteel Armor, Marine x3  
  144  14:28  Marauder, Marine x2  
  144  14:30  Medivac x2  
  162  14:44  Marine  
  163  14:50  Marauder  
  165  15:02  Thor x2  
  165  15:03  Thor  
  183  15:17  Thor  
  166  15:25  Thor  
  166  15:26  Thor  
  143  15:34  Marauder x2  
  143  15:35  Marauder, Marine x2  
  144  15:36  Marine x8  
  144  15:40  Refinery x2  
  153  15:43  Refinery  
  153  15:44  SCV x4  
  153  15:45  Refinery  
  157  15:53  Terran Vehicle Weapons Level 2, Marine x8  
  157  15:56  Terran Vehicle And Ship Armor Level 2, SCV x2, Marauder x3  
  173  16:06  Marine  
  173  16:07  Marine  
  173  16:11  Marine x4  
  176  16:17  Marauder x3  
  185  16:24  Sensor Tower  
  185  16:25  Marine x2  
  187  16:41  Marine x2  
  187  16:42  Marauder  
  187  16:45  Marauder x2  
  163  17:06  Marauder  
  159  17:28  Thor x3  
  159  17:29  Thor  
  182  17:33  Thor  
  185  18:19  Marauder  
  187  18:28  Marauder  
  187  18:30  Marine x2  
  187  18:43  Supply Depot  
  187  18:44  Supply Depot  
  187  18:46  Supply Depot x3  
  187  18:47  Supply Depot  
  187  18:49  Supply Depot  
Show
View Real Time Build Order
Export as new Build Order

StarCry Zerg 

Build Orders: Hatch First, Muta Ling Bane 

Get SALT Encoding   

  12  0:00  Drone  
  13  0:14  Overlord  
  13  0:18  Drone  
  14  0:33  Drone  
  14  0:34  Drone  
  16  0:54  Hatchery  
  16  0:57  Drone  
  16  1:01  Drone  
  16  1:03  Drone  
  18  1:15  Extractor  
  18  1:17  Spawning Pool  
  16  1:25  Drone x2  
  18  1:40  Drone  
  18  1:46  Drone  
  20  1:53  Drone  
  21  2:06  Queen x2  
  21  2:08  Overlord  
  25  2:09  Zergling x2  
  26  2:18  Drone, Metabolic Boost  
  26  2:20  Drone  
  28  2:43  Hatchery  
  27  3:00  Drone x6  
  33  3:10  Queen  
  33  3:12  Overlord  
  35  3:16  Drone  
  36  3:31  Drone  
  36  3:32  Drone x4  
  36  3:33  Drone  
  42  3:39  Baneling Nest  
  41  3:48  Drone  
  41  3:51  Extractor  
  41  3:55  Drone x2, Extractor  
  42  3:56  Drone  
  42  3:57  Drone x3  
  42  3:59  Queen  
  48  4:03  Overlord  
  48  4:11  Lair  
  48  4:13  Extractor  
  48  4:14  Drone x3  
  50  4:34  Baneling x2  
  49  4:44  Zergling x22  
  51  4:52  Queen x2  
  49  4:58  Drone x2  
  51  5:11  Drone x6  
  57  5:14  Baneling x3  
  57  5:21  Drone  
  58  5:22  Overlord  
  58  5:44  Drone x2, Spire  
  57  5:54  Drone x7  
  64  6:01  Centrifical Hooks  
  64  6:16  Drone  
  64  6:18  Overlord x2  
  65  6:19  Overlord x2  
  65  6:32  Overlord  
  65  6:33  Overlord x2  
  65  6:43  Drone x2  
  67  6:50  Drone x8  
  67  6:51  Drone x3  
  78  6:56  Extractor x2  
  78  6:57  Drone  
  77  7:02  Zerg Flyer Armor Level 1  
  77  7:09  Mutalisk  
  77  7:10  Mutalisk x8  
  95  7:17  Drone x2  
  95  7:19  Drone  
  98  7:32  Evolution Chamber  
  98  7:33  Drone x2, Evolution Chamber  
  98  7:36  Drone x2  
  100  7:42  Mutalisk x5  
  110  7:47  Hatchery  
  110  7:49  Drone x2  
  111  7:53  Overlord  
  111  8:15  Overlord x2  
  111  8:21  Drone  
  111  8:22  Drone  
  111  8:23  Overlord x4  
  113  8:29  Zerg Melee Weapons Level 1, Infestation Pit  
  113  8:30  Zerg Ground Armor Level 1  
  111  9:00  Drone x16  
  125  9:36  Mutalisk x4  
  125  9:37  Mutalisk x11  
  143  10:03  Drone, Extractor  
  143  10:04  Drone x2, Extractor  
  143  10:05  Drone x3  
  147  10:11  Zerg Flyer Armor Level 2  
  147  10:13  Overlord  
  147  10:16  Zergling x2  
  147  10:17  Zergling x20  
  147  10:19  Hive  
  158  10:24  Zerg Ground Armor Level 2, Zerg Melee Weapons Level 2  
  154  10:57  Baneling x11  
  154  10:58  Baneling, Zergling x2  
  154  10:59  Zergling x26  
  168  11:12  Extractor  
  168  11:13  Hatchery  
  112  11:30  Zergling x20  
  112  11:31  Zergling x14  
  107  11:47  Zergling x2  
  107  11:48  Zergling x14  
  107  11:51  Queen  
  107  11:52  Queen x3  
  120  11:54  Overlord  
  120  12:05  Spire  
  120  12:06  Ultralisk Cavern, Adrenal Glands  
  118  12:09  Mutalisk x3  
  118  12:10  Mutalisk x8  
  140  12:27  Mutalisk  
  140  12:28  Mutalisk x5  
  152  12:34  Zerg Flyer Weapons Level 1  
  152  12:38  Mutalisk x2  
  152  12:43  Overlord  
  156  12:45  Drone x3  
  156  12:46  Drone x4  
  163  12:58  Hatchery  
  162  13:00  Hatchery  
  162  13:04  Hatchery  
  160  13:05  Extractor  
  159  13:20  Chitinous Plating  
  159  13:22  Ultralisk x4  
  183  13:45  Overlord  
  183  13:46  Overlord  
  181  13:55  Ultralisk x4  
  185  14:18  Overlord  
  185  14:19  Ultralisk x2  
  163  15:22  Mutalisk x12  
  163  15:23  Mutalisk x7  
  189  15:33  Zerg Flyer Weapons Level 2  
  189  15:39  Zergling x2  
  189  15:40  Zergling x32  
  177  16:06  Mutalisk x8  
  175  16:22  Drone x3  
  175  16:23  Drone x12  
  190  16:29  Mutalisk  
  190  16:30  Mutalisk x3  
  114  16:59  Ultralisk  
  114  17:00  Ultralisk x2  
  121  17:02  Zergling x24  
  122  17:11  Zergling x4  
  124  17:17  Hatchery  
  124  17:22  Mutalisk x4  
  131  17:25  Hatchery  
  87  17:47  Mutalisk x2  
  87  17:48  Mutalisk x3  
  74  18:14  Zergling x8  
  74  18:15  Zergling x12  
Show
View Real Time Build Order
Export as new Build Order

BOOM Protoss 

Build Orders: Oracle Opening 

Get SALT Encoding   

  12  0:00  Probe  
  13  0:12  Probe  
  14  0:18  Pylon  
  14  0:25  Assimilator  
  14  0:29  Probe  
  15  0:40  Gateway  
  15  0:47  Probe (Chrono Boost)  
  17  0:57  Probe (Chrono Boost)  
  17  1:02  Probe (Chrono Boost)  
  18  1:11  Assimilator  
  18  1:13  Probe  
  19  1:19  Pylon  
  19  1:26  Probe  
  19  1:31  Cybernetics Core  
  21  1:47  Probe (Chrono Boost)  
  21  1:55  Pylon  
  21  1:56  Probe (Chrono Boost)  
  22  2:01  Probe (Chrono Boost)  
  23  2:10  Stargate  
  23  2:13  Probe  
  24  2:25  Probe  
  25  2:38  Protoss Air Weapons Level 1 (Chrono Boost)  
  25  2:42  Nexus  
  25  2:54  Oracle, Assimilator  
  25  2:57  Assimilator  
  28  3:10  Cybernetics Core  
  28  3:17  Stargate  
  28  3:40  Void Ray (Chrono Boost)  
  32  3:54  Probe (Chrono Boost)  
  32  3:55  Void Ray (Chrono Boost)  
  34  4:04  Probe (Chrono Boost)  
  34  4:09  Probe (Chrono Boost)  
  39  4:20  Probe  
  40  4:32  Probe  
  41  4:40  Void Ray x2  
  49  5:35  Fleet Beacon  
  49  5:43  Protoss Air Armor Level 1  
  49  5:59  Void Ray  
  53  6:11  Pylon  
  53  6:14  Pylon  
  53  6:18  Pylon  
  53  6:23  Pylon  
  53  6:26  Probe  
  53  6:31  Protoss Air Weapons Level 2  
  54  6:35  Void Ray  
  54  6:37  Void Ray  
  54  6:38  Probe  
  63  6:50  Probe  
  63  6:52  Forge  
  63  6:54  Twilight Council  
  64  7:03  Probe, Pylon  
  64  7:08  Pylon  
  65  7:09  Pylon  
  65  7:15  Probe  
  66  7:18  Void Ray x2  
  66  7:22  Flux Vanes  
  74  7:38  Protoss Shields Level 1  
  71  8:30  Protoss Air Armor Level 2 (Chrono Boost)  
  71  9:12  Void Ray x2  
  71  9:22  Protoss Air Weapons Level 3 (Chrono Boost)  
  75  9:29  Mothership (Chrono Boost)  
  83  9:49  Void Ray x2  
  91  10:19  Protoss Shields Level 2  
  91  10:28  Void Ray  
  95  10:55  Pylon  
  95  10:56  Pylon  
  95  10:58  Pylon  
  95  10:59  Pylon  
  95  11:03  Pylon  
  95  11:05  Charge, Pylon x3  
  95  11:08  Pylon  
  95  11:22  Protoss Air Armor Level 3 (Chrono Boost)  
  91  12:04  Warp Gate  
  91  12:09  Pylon  
  91  12:11  Pylon  
  91  12:12  Pylon  
  83  12:27  Void Ray x2  
  71  12:59  Pylon  
  71  13:01  Pylon  
  71  13:04  Void Ray (Chrono Boost)  
  71  13:05  Void Ray (Chrono Boost)  
  79  13:26  Protoss Shields Level 3 (Chrono Boost)  
  79  13:34  Nexus  
  79  13:36  Void Ray x2 (Chrono Boost)  
  79  13:37  Assimilator  
  79  13:40  Assimilator  
  83  13:43  Pylon  
  83  13:46  Pylon  
  83  13:48  Gateway x2  
  87  13:51  Gateway  
  87  13:53  Gateway x2  
  87  13:54  Gateway  
  87  13:56  Nexus  
  87  14:00  Assimilator  
  87  14:03  Assimilator  
  87  14:05  Void Ray x2 (Chrono Boost)  
  87  14:06  Pylon  
  95  14:35  Void Ray x2  
  51  15:27  Phoenix x2  
  47  15:50  Anion Pulse-Crystals (Chrono Boost)  
  47  15:52  Phoenix x2  
  51  16:13  Stargate  
  51  16:15  Stargate  
  51  16:17  Phoenix x2  
  55  16:27  Probe (Chrono Boost)  
  56  16:37  Probe (Chrono Boost)  
  44  16:42  Probe (Chrono Boost), Phoenix x2  
  45  16:53  Probe  
  43  17:06  Probe  
  43  17:07  Phoenix  
  27  17:23  Phoenix x3  
  33  17:32  Phoenix  
  33  17:33  Zealot x3  
  33  17:34  Zealot x3  
  33  17:35  Zealot  
  49  18:01  Phoenix x2  
  53  18:19  Zealot x2  
Tags
 
Add a new tag
Caveats
  • Supply blocks, unpowered buildings, or Contaminate may cause inaccurate times.
  • Supply counts are checked every 10 seconds.